 Dungeon Crawl Stone Soup version 0.26-a0-712-ga5a9c9c9d0 (webtiles) character file.

Game seed: 10803988001878833808

161 dark4128 the Shield-Bearer (level 5, 0/46 HPs)
             Began as a Hill Orc Fighter on Nov 1, 2020.
             Was an Initiate of Okawaru.
             Slain by Grinder (3 damage)
             ... on level 3 of the Dungeon.
             The game lasted 00:11:57 (2428 turns).

dark4128 the Shield-Bearer (Hill Orc Fighter)       Turns: 2428, Time: 00:11:57

Health: 0/46       AC: 11    Str: 20    XL:     5   Next: 42%
Magic:  5/5        EV:  4    Int:  8    God:    Okawaru [......]
Gold:   112        SH:  9    Dex: 10    Spells: 4/4 levels left

rFire    . . .     SeeInvis .   a - +0 trident
rCold    . . .     Faith    .   c - +0 kite shield
rNeg     . . .     Spirit   .   l - +0 plate armour
rPois    .         Reflect  .   (no helmet)
rElec    .         Harm     .   (no cloak)
rCorr    .         Rampage  .   (no gloves)
MR       .....                  (no boots)
Stlth    ..........             (no amulet)
HPRegen  0.15/turn              (no ring)
MPRegen  0.09/turn              (no ring)

@: mighty
A: no striking features
a: Renounce Religion


You were on level 3 of the Dungeon.
You worshipped Okawaru.
Okawaru was noncommittal.
You visited 1 branch of the dungeon, and saw 3 of its levels.

You collected 112 gold pieces.

Inventory:

Hand Weapons
 a - a +0 trident (weapon)
Armour
 c - a +0 kite shield (worn)
 l - a +0 plate armour (worn)
Jewellery
 b - an uncursed ring of wizardry
Scrolls
 k - a scroll of remove curse
 o - a scroll of teleportation
Potions
 e - a potion of ambrosia {unknown}
 g - a potion of lignification {unknown}
 h - a potion of resistance {unknown}
 j - a potion of cancellation


   Skills:
 - Level 3.9 Fighting
 + Level 4.2 Polearms
 + Level 4.0 Armour
 + Level 0.5 Dodging
 + Level 4.3 Shields


You had 4 spell levels left.
You didn't know any spells.
Your spell library was empty.

Dungeon Overview and Level Annotations

Branches:
Dungeon (3/15)

Altars:
Fedhas
Kikubaaqudgha
Okawaru
Ru
Sif Muna
Vehumet

Annotations:
D:3 Grinder


Message History

Grinder hits you but does no damage.
You closely miss Grinder.
Grinder is moderately wounded.
You feel sick.
You are no longer poisoned.
Grinder blinks!
You barely miss the orc. Grinder hits you. The orc hits you with a +0 falchion.
Grinder gestures at you. Pain shoots through your body!
* * * LOW HITPOINT WARNING * * *
You puncture Grinder!
Grinder is heavily wounded.
The orc barely misses you. Grinder hits you.
* * * LOW HITPOINT WARNING * * *
Okay, then.
You feel very mighty all of a sudden. The orc hits you but does no damage.
Grinder hits you.
* * * LOW HITPOINT WARNING * * *
You writhe in agony.
You die...

#..#.###########
##.#.##.......).
#.#.##.#######.
#.#.##.## #.
#.#.....# #.
#.####..# #.
####.# #..# ***#.
#.5..# #..#**,...
#@#### #..#*,....
#o#### ##.#*,...#
#oo.o# *.#*,,,,*
####o# *..,,>,,,
#.###**,***,,,*
#.(.#,,,* *,,,,
###o#,*,* *,,,*
#o#,*,* ****,
*****#.#,*<****,*,


You could see Grinder and 3 orcs.

Vanquished Creatures
  Jessica (D:3)
  An iguana (D:2)
  2 adders
  An ooze (D:2)
  4 dart slugs
  2 leopard geckos (D:1)
  6 orcs (D:3)
  3 ball pythons
  3 giant cockroaches
  4 goblins
  7 hobgoblins
  4 jackals (D:2)
  A quokka (D:2)
  10 bats
  6 frilled lizards
  5 kobolds
  11 rats
71 creatures vanquished.

Vanquished Creatures (others)
  3 withered plants (D:2)
3 creatures vanquished.

Grand Total: 74 creatures vanquished

Notes
Turn   | Place    | Note
-------+----------+-------------------------------------------
     0 | D:1      | dark4128 the Hill Orc Fighter began the quest for the Orb.
     0 | D:1      | Reached XP level 1. HP: 19/19 MP: 1/1
   125 | D:1      | Reached XP level 2. HP: 27/27 MP: 2/2
   463 | D:1      | Reached XP level 3. HP: 30/33 MP: 3/3
  1060 | D:2      | Reached XP level 4. HP: 36/40 MP: 4/4
  1354 | D:2      | Found an ancient bone altar of Kikubaaqudgha.
  2065 | D:3      | Found a blossoming altar of Fedhas.
  2065 | D:3      | Found a shimmering blue altar of Sif Muna.
  2067 | D:3      | Found a sacrificial altar of Ru.
  2068 | D:3      | Noticed Jessica
  2069 | D:3      | Found an iron altar of Okawaru.
  2070 | D:3      | Found a radiant altar of Vehumet.
  2084 | D:3      | Killed Jessica
  2084 | D:3      | Reached XP level 5. HP: 30/46 MP: 5/5
  2119 | D:3      | Became a worshipper of Warmaster Okawaru
  2387 | D:3      | Noticed Grinder
  2389 | D:3      | Paralysed by Grinder for 7 turns
  2428 | D:3      | Slain by Grinder

Illustrated notes

Levels and vault maps discovered:
D:1:      psy_arrival_spokes, layout_basic, minmay_rat_gold_closets
D:2:      layout_basic, kiku_gazebo_garden_becter, chequers_serial_rivers_room_a
D:3:      layout_basic, grunt_temple_overflow_open, uniq_robin, uniq_grinder,
          uniq_jessica

Skill      XL: |  1  2  3  4  5 |
---------------+----------------+-----
Polearms       | 3 4 |  4.2
Shields        | 4 |  4.3
Armour         | 4 |  4.0
Fighting       | |  3.9
Dodging        | |  0.5

Action                   |  1- 3 |  4- 6 || total
-------------------------+-------+-------++-------
Melee: Trident           |   141 |   131 ||   272
  Use: Scroll            |       |     7 ||     7
       Potion            |       |     1 ||     1
Armor: Scale mail        |    55 |     9 ||    64
       Plate armour      |       |    44 ||    44
Dodge: Dodged            |    55 |    21 ||    76
Block: Kite shield       |    66 |    55 ||   121

Table legend: (Time is in decaauts)
 A = Elapsed time spent in this place.
 B = Non-inter-level travel time spent in this place.
 C = Inter-level travel time spent in this place.
 D = Time resting spent in this place.
 E = Time spent auto-exploring this place.
 F = Levels seen in this place.
 G = Mean time per level.
                   A        B        C        D        E       F      G
               +--------+--------+--------+--------+--------+-----+--------+
         Total |   2487 |   2439 |     48 |    401 |   1125 |   3 |  829.0 |
       Dungeon |   2487 |   2439 |     48 |    401 |   1125 |   3 |  829.0 |
               +--------+--------+--------+--------+--------+-----+--------+

Top non-repeatable levels by time:
     D:2: 1284 daAuts
     D:1: 828 daAuts
     D:3: 375 daAuts
